 Dungeon Crawl Stone Soup version 0.25-a0-503-ge281fa673e (webtiles) character file.

Game seed: 2384269434008984534, levelgen mode: classic

12976 EnegeticOcto the Pandemonic (level 11, -37/104 HPs)
             Began as a Deep Dwarf Fighter on Feb 13, 2020.
             Was a High Priest of Makhleb.
             Killed from afar by Frances (46 damage)
             ... with an iron shot
             ... on level 12 of the Dungeon.
             The game lasted 00:06:19 (6666 turns).

EnegeticOcto the Pandemonic (Deep Dwarf Fighter)    Turns: 6666, Time: 00:06:20

Health: -37/104    AC: 17    Str: 23    XL:     11   Next: 69%
Magic:  8/8        EV:  7    Int:  9    God:    Makhleb [*****.]
Gold:   472        SH: 17    Dex: 15    Spells: 10/10 levels left

rFire    . . .     SeeInvis .   n - +10 morningstar "Eos" {elec, Halo rElec}
rCold    . . .     Gourm    .   v - +0 tower shield {reflect}
rNeg     . . .     Faith    .   t - +0 plate armour
rPois    .         Spirit   .   (no helmet)
rElec    +         Reflect  +   i - +1 cloak
rCorr    +         Harm     .   E - +0 pair of gloves
MR       +....                  (no boots)
Stlth    ..........             (no amulet)
HPRegen  0.00/turn              p - ring of resist corrosion
MPRegen  0.11/turn              B - +3 ring of dexterity

@: non-regenerating, glowing
A: damage resistance, heal wounds, sense surroundings 2, no regeneration
a: Heal Wounds, Minor Destruction, Lesser Servant of Makhleb, Major Destruction,
Greater Servant of Makhleb, Renounce Religion


You were on level 12 of the Dungeon.
You worshipped Makhleb.
Makhleb was extremely pleased with you.
You were not hungry.

You visited 2 branches of the dungeon, and saw 13 of its levels.

You collected 472 gold pieces.

Inventory:

Hand Weapons
 a - a +0 war axe
 n - the +10 morningstar "Eos" (weapon) {elec, Halo rElec}
   (You took it off a big kobold on level 8 of the Dungeon)

   Occasionally, upon striking a foe, it will discharge some electrical energy
   and cause terrible harm.
   It insulates you from electricity.
 x - a +0 hand axe of distortion
Armour
 c - a +1 kite shield
 i - a +1 cloak (worn)
 t - a +0 plate armour (worn)
 v - a +0 tower shield of reflection (worn)
 E - a +0 pair of gloves (worn)
Jewellery
 p - a ring of resist corrosion (left hand)
 B - a +3 ring of dexterity (right hand)
Wands
 f - a wand of flame (53)
 g - a wand of iceblast (11)
 m - a wand of clouds (6)
 o - a wand of paralysis (18)
 C - a wand of acid (5) {@q1}
Scrolls
 b - 7 scrolls of identify {@r1}
 h - 8 scrolls of remove curse {@r6}
 k - a scroll of enchant armour
 s - 2 scrolls of teleportation {@r2}
 w - a scroll of blinking {@r3}
 y - a scroll of fog
 F - a scroll of magic mapping {@r5}
Potions
 d - a potion of might {@q3}
 j - 2 potions of agility {@q5}
 q - 4 potions of magic
 z - a potion of resistance {@q6}
 A - a potion of haste {@q4}
 D - a potion of curing {@q1}
 G - a potion of cancellation
Miscellaneous
 r - a lamp of fire
Comestibles
 e - 19 rations
 l - 11 chunks of flesh


   Skills:
 * Level 8.6 Fighting
 * Level 10.2 Axes
 - Level 1.4(6.0) Maces & Flails
 + Level 7.9 Armour
 + Level 7.0 Dodging
 + Level 7.9 Shields
 * Level 10.8 Invocations


You had 10 spell levels left.
You didn't know any spells.
Your spell library was empty.

Dungeon Overview and Level Annotations

Branches:
Dungeon (11/15)            Temple (1/1) D:5            Lair (0/6) D:11
    Orc (0/2) D:9

Altars:
Elyvilon
Fedhas
Makhleb
Okawaru
Qazlal
Ru
Sif Muna
Trog
Vehumet
Wu Jian
Xom

Annotations:
D:10 3 runed translucent doors, kae's ghost, novice DsGl
D:12 Frances


Innate Abilities, Weirdness & Mutations

You are resistant to damage.
You can heal yourself by infusing magical energy.
You passively map the area around you.
You do not regenerate.


Message History

The yak is moderately wounded.
The yak gores you but does no damage.
You hit the yak. Lightning courses through the yak!
The yak is heavily wounded.
The yak gores you but does no damage. The yak barely misses you.
You block the yak's attack.
Frances chants phrases taken from a devil's mouth.
Frances seems to speed up.
An orc comes into view. It is wielding a +0 hand axe.
You sock the yak!
The yak is severely wounded.
You block the yak's attack. x2; The yak gores you. x2
You are too injured to fight recklessly!
You are too injured to fight recklessly!
You are too injured to fight recklessly!
You are too injured to fight recklessly!
You are too injured to fight recklessly!
You are too injured to fight recklessly!
You are too injured to fight recklessly!
Frances screams a word of power!
You are too injured to fight recklessly!
You are too injured to fight recklessly!
You are too injured to fight recklessly!
You are too injured to fight recklessly!
You are too injured to fight recklessly!
You are too injured to fight recklessly!
You are too injured to fight recklessly!
You are too injured to fight recklessly!
You are too injured to fight recklessly!
You are too injured to fight recklessly!
You sock the yak!
You kill the yak!
Makhleb accepts your kill.
You feel better.
Your Dodging skill increases to level 7!
Some of the chunks of flesh in your inventory have rotted away.
Frances hits you with a +0 mace!
You feel much better.
Frances chants phrases taken from a devil's mouth.
You feel much better. You block Frances's attack.
Frances hits you but does no damage. The chaos spawn gores you.
You are engulfed in flames!
You hit Frances but do no damage. You block Frances's attack.
The chaos spawn barely misses you.
The ynoxinul gestures.
You hit Frances. Lightning courses through Frances!
Frances is lightly wounded.
Frances barely misses you. You block Frances's attack.
You block the chaos spawn's attack.
You hit Frances.
Frances is lightly wounded.
You block Frances's attack. You block the chaos spawn's attack.
You block Frances's attack. The chaos spawn barely misses you.
The ynoxinul gestures.
You thump Frances! Lightning courses through Frances!
Frances is moderately wounded.
Frances hits you with a +0 mace! You block the chaos spawn's attack.
The ynoxinul gestures.
An orc comes into view. It is wielding a +0 hand axe.
The orc shouts!
You impale Frances!!
Frances is heavily wounded.
Frances mutters in a terrible tongue.
The shard of ice hits you!!
Frances speaks in an indecipherable language.
Frances hits you with a +0 mace!
* * * LOW HITPOINT WARNING * * *
The chaos spawn hits you but does no damage.
The ynoxinul gestures.
You hit Frances but do no damage.
Frances is heavily wounded.
The ufetubus disappears in a puff of smoke!
Frances hits you with a +0 mace!
* * * LOW HITPOINT WARNING * * *
You block the chaos spawn's attack.
An orc comes into view. It is wielding a +0 club.
Frances mutters in a terrible tongue.
Your +0 tower shield of reflection reflects the shard of ice!
The shard of ice hits Frances!
You hit Frances.
Frances is heavily wounded.
You block the chaos spawn's attack. Frances hits you with a +0 mace.
* * * LOW HITPOINT WARNING * * *
The chaos spawn hits you but does no damage.
You block Frances's attack.
You bludgeon Frances!!
Frances is severely wounded.
You hear the faint creaking of a distant portcullis.
Frances closely misses you. The chaos spawn barely misses you.
An orc comes into view. It is wielding a +0 morningstar.
The orc shouts!
You thump Frances! Lightning courses through Frances!
Frances is almost dead.
You hear an angry buzzing noise.
Frances hits you with a +0 mace!
* * * LOW HITPOINT WARNING * * *
You block the chaos spawn's attack.
Frances screams a word of power!
The iron shot hits you!!!
You die...

, , #.....#.....#......
, , ,, , ,
#.....#.....#..)... * #
#..####..####..##'# * ,,
,
##.###'#####..####..##..
,,
+........#..........)...
,,
#........#..............
,
#........#....##########
.##+####.####..#,, , , ,
.....4.#@####..#, ,
,...o5YY@4..#...# ,
..oo5YY#...#...# , , ,
....53o######## ** ,
,.#+##.., , , , ,#5.
**** ,, , #.. ,, , , , <
,, ,#.. ,, , , * * , #..
, * * *


You could see Frances, 4 yaks, a ynoxinul, a chaos spawn, 4 orcs and 4 ufetubi.

Vanquished Creatures
  Harold (D:9)
  A two-headed ogre (D:8)
  An unseen horror (D:11)
  Pikel (D:7)
  A manticore (D:11)
  An ugly thing (D:8)
  A cyclops (D:12)
  A wolf spider (D:10)
  Maurice (D:9)
  Prince Ribbit (D:7)
  4 trolls
  A hornet (D:8)
  5 hippogriffs
  3 yaks
  A vampire (D:11)
  A hungry ghost (D:8)
  A vampire mosquito (D:8)
  Duvessa (D:5)
  2 black bears
  4 orc warriors
  4 ice beasts
  A slave (D:7)
  7 ogres
  A necrophage (D:11)
  6 centaurs
  3 big kobolds
  5 bullfrogs
  Dowan (D:5)
  5 scorpions
  A water moccasin skeleton (D:9)
  8 killer bees
  3 wights (D:7)
  A howler monkey (D:5)
  2 electric eels (D:10)
  7 crimson imps
  A bullfrog zombie (D:8)
  A quasit (D:8)
  7 jellies
  7 hounds
  6 orc priests
  3 centaur skeletons
  13 orc wizards
  2 iguanas (D:8)
  3 bullfrog skeletons
  3 worker ants (D:8)
  A killer bee zombie (D:8)
  2 hound skeletons
  5 adders
  2 oozes
  An adder zombie (D:8)
  4 worms
  A dart slug (D:1)
  A leopard gecko (D:6)
  61 orcs
  4 giant cockroaches
  4 goblins
  5 hobgoblins
  9 jackals
  2 quokkas
  4 ball pythons
  6 bats
  3 frilled lizards
  12 kobolds
  A leopard gecko skeleton (D:4)
  4 quokka skeletons
  A quokka zombie (D:6)
  4 rats
271 creatures vanquished.

Vanquished Creatures (others)
  A centaur (D:11)
  A kobold (D:10)
2 creatures vanquished.

Grand Total: 273 creatures vanquished

Notes
Turn   | Place    | Note
-------+----------+-------------------------------------------
     0 | D:1      | EnegeticOcto the Deep Dwarf Fighter began the quest for the
                  | Orb.
     0 | D:1      | Reached XP level 1. HP: 20/20 MP: 1/1
   159 | D:2      | Reached XP level 2. HP: 14/27 MP: 2/2
   261 | D:2      | Reached skill level 1 in Dodging
   261 | D:2      | Reached XP level 3. HP: 32/34 MP: 3/3
   479 | D:3      | Found a sacrificial altar of Ru.
   491 | D:3      | Reached XP level 4. HP: 35/42 MP: 4/4
   742 | D:4      | Reached XP level 5. HP: 36/49 MP: 5/5
  1220 | D:5      | Entered Level 5 of the Dungeon
  1264 | D:5      | Reached XP level 6. HP: 53/56 MP: 6/6
  1335 | D:5      | Found a staircase to the Ecumenical Temple.
  1405 | Temple   | Entered the Ecumenical Temple
  1423 | Temple   | Became a worshipper of Makhleb the Destroyer
  1512 | D:5      | Reached skill level 1 in Invocations
  1559 | D:5      | Noticed Dowan
  1563 | D:5      | Noticed Duvessa
  1565 | D:5      | Reached skill level 5 in Axes
  1565 | D:5      | Reached XP level 7. HP: 31/63 MP: 7/7
  1580 | D:5      | Killed Duvessa
  1596 | D:5      | Killed Dowan
  1685 | D:5      | Reached * piety under Makhleb
  1690 | D:5      | Reached skill level 5 in Shields
  2058 | D:6      | Reached skill level 5 in Armour
  2058 | D:6      | Reached XP level 8. HP: 31/73 MP: 7/7
  2108 | D:6      | Found a stormy altar of Qazlal.
  2914 | D:6      | Reached skill level 5 in Fighting
  3045 | D:6      | Reached skill level 5 in Invocations
  3181 | D:7      | Noticed a hippogriff
  3183 | D:7      | Noticed Prince Ribbit
  3222 | D:7      | Killed a hippogriff
  3222 | D:7      | Reached ** piety under Makhleb
  3222 | D:7      | Gained mutation: You passively map the area around you.
                  | [Deep Dwarf growth]
  3222 | D:7      | Reached XP level 9. HP: 55/81 MP: 9/9
  3461 | D:7      | Killed Prince Ribbit
  3573 | D:7      | Noticed Pikel
  3604 | D:7      | Killed Pikel
  3604 | D:7      | Reached skill level 5 in Dodging
  3681 | D:7      | Found a radiant altar of Vehumet.
  3681 | D:7      | Found a blossoming altar of Fedhas.
  3770 | D:8      | Paralysed by a hornet for 3 turns
  3775 | D:8      | Paralysed by a hornet for 2 turns
  3781 | D:8      | Paralysed by a hornet for 3 turns
  3791 | D:8      | Paralysed by a hornet for 1 turns
  3926 | D:8      | Found a blossoming altar of Fedhas.
  3992 | D:8      | Reached XP level 10. HP: 89/92 MP: 7/7
  4022 | D:8      | Noticed a two-headed ogre
  4035 | D:8      | Killed a two-headed ogre
  4043 | D:8      | Reached *** piety under Makhleb
  4098 | D:8      | Noticed a red ugly thing
  4130 | D:8      | Killed a red ugly thing
  4181 | D:8      | Got an iridescent hand axe
  4194 | D:8      | Identified the +6 hand axe of Immorality {protect, *Drain
                  | rPois Dex+7} (You found it on level 8 of the Dungeon)
  4473 | D:8      | Reached skill level 1 in Maces & Flails
  4544 | D:8      | Reached **** piety under Makhleb
  4778 | D:9      | Found a white marble altar of Elyvilon.
  4792 | D:9      | Found an iron altar of Okawaru.
  4973 | D:9      | Found a shimmering altar of Xom.
  5062 | D:9      | Found a stormy altar of Qazlal.
  5260 | D:9      | Noticed Maurice
  5266 | D:9      | Killed Maurice
  5305 | D:9      | Noticed Harold
  5317 | D:9      | Killed Harold
  5317 | D:9      | Reached XP level 11. HP: 95/102 MP: 7/7
  5320 | D:9      | Found a staircase to the Orcish Mines.
  5566 | D:10     | Entered Level 10 of the Dungeon
  5577 | D:10     | Found a runed translucent gate.
  5786 | D:10     | Noticed a wolf spider
  5906 | D:10     | Found a runed translucent gate.
  5906 | D:10     | Found a runed translucent gate.
  5908 | D:10     | Noticed kae's ghost (novice DsGl)
  6062 | D:10     | Reached skill level 10 in Invocations
  6293 | D:10     | Killed a wolf spider
  6347 | D:11     | Noticed an unseen horror
  6359 | D:11     | Killed an unseen horror
  6461 | D:11     | Reached skill level 10 in Axes
  6526 | D:11     | You fall into a shaft and drop 1 floor!
  6610 | D:12     | Reached ***** piety under Makhleb
  6647 | D:12     | Noticed Frances
  6666 | D:12     | Killed from afar by Frances

Levels and vault maps discovered:
D:1:      dpeg_arrival_shrine, layout_basic
D:2:      layout_loops_ring, first_ration, uniq_robin
D:3:      layout_basic, nemelex_altar_shiori,
          nicolae_ru_great_annihilating_truth
D:4:      layout_loops_ring
D:5:      layout_cave_pools, minmay_temple_entry_purple_smoke,
          minmay_starry_boxes, uniq_duvessa
D:6:      layout_basic, kennysheep_little_box
D:7:      layout_basic, gammafunk_temple_overflow_statue, uniq_prince_ribbit1,
          uniq_pikel
D:8:      minmay_the_grid_triangle_9x9_rhombus_full
          [minmay_the_grid_triangle_9x9_shrine,
          minmay_the_grid_triangle_9x9_checkered,
          minmay_the_grid_triangle_9x9_thin_v,
          minmay_the_grid_triangle_9x9_zippers_vertical,
          minmay_the_grid_triangle_9x9_warning,
          minmay_the_grid_triangle_9x9_longest,
          minmay_the_grid_triangle_9x9_from_above,
          minmay_the_grid_triangle_9x9_prize_center], layout_cave_pools
D:9:      layout_stronghold, old_standard_altar, grunt_temple_overflow_open,
          orc_0_dummy, grunt_pizzeria, minmay_variable_closet,
          grunt_qazlal_clouds, uniq_harold, uniq_maurice
D:10:     kennysheep_spiral_hall, layout_rooms, gammafunk_ghost_split,
          kennysheep_island_fort
D:11:     layout_irregular_city, dpeg_oklobed_lair
D:12:     layout_gridville, enter_bailey_2, uniq_frances
Temple:   jpeg_temple_clearing

Skill      XL: |  1  2  3  4  5  6  7  8  9 10 11 |
---------------+----------------------------------+-----
Fighting       | 3 4 5 6 7 8 |  8.6
Axes           | 3 4 5 6 8 9 10 | 10.2
Dodging        | 1 2 3 4 5 6 7 |  7.0
Shields        | 4 5 6 7 |  7.9
Armour         | 4 5 6 7 |  7.9
Invocations    | 1 3 5 7 9 10 | 10.8
Maces & Flails | 1 |  1.4

Action                   |  1- 3 |  4- 6 |  7- 9 | 10-12 || total
-------------------------+-------+-------+-------+-------++-------
Melee: War axe           |    89 |   127 |   481 |    84 ||   781
       Morningstar       |       |       |       |   223 ||   223
 Abil: Heal Wounds       |     2 |     3 |    23 |     8 ||    36
Evoke: Wand              |       |       |     1 |     1 ||     2
  Use: Scroll            |       |     8 |     5 |     5 ||    18
       Potion            |       |       |     1 |     1 ||     2
 Stab: Paralysed         |       |     2 |       |       ||     2
  Eat: Chunk             |       |     3 |    11 |     6 ||    20
       Ration            |       |       |       |     1 ||     1
Armor: Scale mail        |    52 |    62 |    48 |       ||   162
       Plate armour      |       |       |   270 |   210 ||   480
Dodge: Dodged            |    40 |    58 |   181 |   108 ||   387
Block: Kite shield       |    62 |    69 |   325 |    51 ||   507
       Tower shield      |       |       |       |   283 ||   283
       Reflection        |       |       |       |    11 ||    11

Table legend:
 A = Non-vault XP
 B = Vault XP
 C = Vault XP percentage of total XP
 D = Non-vault monster count
 E = Vault monster count
 F = Vault count percentage of total count
                 A         B        C        D         E       F
            +---------+---------+-------+---------+---------+-------
      Total |   12208 |    6330 |  34.1 |     230 |      41 |  15.1
            +---------+---------+-------+---------+---------+-------
        D:1 |       7 |       0 |   0.0 |       3 |       0 |   0.0
        D:2 |      73 |       0 |   0.0 |      13 |       0 |   0.0
        D:3 |      36 |      43 |  54.4 |      15 |       4 |  21.1
        D:4 |      92 |       0 |   0.0 |      13 |       0 |   0.0
        D:5 |     661 |     429 |  39.4 |      22 |      10 |  31.2
        D:6 |    1010 |       0 |   0.0 |      29 |       0 |   0.0
        D:7 |    1304 |     954 |  42.2 |      27 |       2 |   6.9
        D:8 |    2342 |    2327 |  49.8 |      40 |      17 |  29.8
        D:9 |     651 |    1599 |  71.1 |      18 |       3 |  14.3
       D:10 |    1354 |     978 |  41.9 |      25 |       5 |  16.7
       D:11 |    3010 |       0 |   0.0 |      18 |       0 |   0.0
       D:12 |    1668 |       0 |   0.0 |       7 |       0 |   0.0
            +---------+---------+-------+---------+---------+-------
